 Dungeon Crawl Stone Soup version 0.31-a0-182-gc5ef74bbde (webtiles) character file.

Game seed: 1765144283305694705

118073 qw the Severer (level 16, -4/106 HPs)
             Began as a Gargoyle Fighter on June 20, 2023.
             Was an Elder of Okawaru.
             Slain by a bunyip (31 damage)
             ... called by a spriggan druid
             ... on level 2 of the Swamp.
             The game lasted 00:14:20 (25376 turns).

qw the Severer (Gargoyle Fighter)                  Turns: 25376, Time: 00:14:21

Health: -4/106     AC: 45    Str: 29    XL:     16   Next: 75%
Magic:  23/23      EV: 15    Int:  8    God:    Okawaru [****..]
Gold:   1230       SH: 14    Dex:  9    Spells: 15/15 levels left

rFire   + . .        y - +1 war axe (spect)
rCold   + . .        w - +0 kite shield
rNeg    + . .        I - +1 plate armour {rC+}
rPois   inf          A - +2 helmet {SInv}
rElec   +            t - +1 cloak {Will+}
rCorr   .            a - +2 pair of gloves
SInv    +            K - +1 pair of boots "Xuum" {rPois}
Will    ++...        b - amulet of faith Stlth
                     e - +5 ring of evasion
HPRegen 0.37/turn    D - ring of protection from fire
MPRegen 0.18/turn

%: faith
@: heroic, flying
A: sickness immunity, AC +12, big wings, negative energy resistance 1,
electricity resistance, torment resistance 1, petrification resistance
a: Renounce Religion, Heroism, Finesse


You were on level 2 of the Swamp.
You worshipped Okawaru.
Okawaru was greatly pleased with you.
You visited 4 branches of the dungeon, and saw 24 of its levels.
You also visited: Ossuary and Gauntlet.

You collected 2751 gold pieces.
You spent 1521 gold pieces at shops.


Innate Abilities, Weirdness & Mutations

You are immune to sickness and miasma.
Your stone body is resilient. (AC +12)
You are immune to poison.
Your large and strong wings let you fly.
You resist negative energy. (rN+)
You are resistant to electric shocks. (rElec)
You are resistant to unholy torment.
You are immune to petrification.


   Skills:
 + Level 14.0(19.0) Fighting
 - Level 16.0(21.0) Axes
 - Level 6.0(11.0) Throwing
 - Level 14.0(19.0) Armour
 - Level 3.1(8.1) Dodging
 - Level 14.0(19.0) Shields
 - Level 10.0 Invocations


You had 15 spell levels left.
You didn't know any spells.
Your spell library was empty.

Inventory:

Hand Weapons
 p - a +0 broad axe
 s - a +1 hand axe of flaming
 y - a +1 spectral war axe (weapon)
Missiles
 C - 22 boomerangs
 J - 4 javelins (quivered)
Armour
 a - a +2 pair of gloves (worn)
 c - a scarf of resistance
 q - a +2 chain mail of fire resistance
 t - a +1 cloak of willpower (worn)
 u - +0 acid dragon scales
 w - a +0 kite shield (worn)
 A - a +2 helmet of see invisible (worn)
 I - a +1 plate armour of cold resistance (worn)
 K - the +1 pair of boots "Xuum" (worn) {rPois}
   (Okawaru gifted it to you on level 14 of the Dungeon)

   rPois:     It protects you from poison.
 L - the +1 helmet of Hapnees {Str+4}
   (You found it in a Gauntlet)

   Str:       It affects your strength (+4).
Jewellery
 b - an amulet of faith (around neck)
 e - a +5 ring of evasion (left hand)
 l - an amulet of reflection
 n - a ring of protection from cold
 v - a ring of protection from cold
 D - a ring of protection from fire (right hand)
 F - a ring of positive energy
 Y - a ring of willpower
Wands
 j - a wand of digging (8)
Scrolls
 g - 10 scrolls of identify
 r - 8 scrolls of teleportation
 H - a scroll of brand weapon
Potions
 d - 7 potions of might
 f - 6 potions of lignification
 h - 6 potions of mutation
 i - 4 potions of resistance
 k - 4 potions of haste
 m - 12 potions of curing
 x - 5 potions of attraction
 z - 2 potions of enlightenment
 B - 3 potions of cancellation
 G - 5 potions of magic

Dungeon Overview and Level Annotations

Branches:
Dungeon (15/15)            Temple (0/1) D:5            Lair (5/5) D:9
  Swamp (2/4) Lair:2       Spider (0/4) Lair:2        Slime (0/5) Lair:4
    Orc (2/2) D:12            Elf (0/3) Orc:2        Vaults (0/5) D:14
 Depths (0/4) D:15        Ossuary (visited)         Gauntlet (visited)

Altars:
Cheibriados
Fedhas
Gozag
Kikubaaqudgha
Okawaru
Trog
Vehumet
Wu Jian
Jiyva

Shops:
D:2 ?   D:5 ?   D:14 ?   Orc:2 (*!*

Portals:
Abyss: D:13

Annotations:
D:5 2 runed translucent doors, qw's ghost, novice NaHu
D:13 2 transporters, HilariousDeathArtist's ghost, journeyman VSBe
Orc:1 2 runed translucent doors


Message History

The spriggan rider blocks your +1 spectral war axe's attack.
Your +1 spectral war axe closely misses the spriggan rider.
Your +1 spectral war axe hits the spriggan rider!!
Your +1 spectral war axe barely misses the spriggan rider.
The foxfire hits you. You resist.
The foxfire hits you but does no damage.
You block the spriggan rider's attack. The will-o-the-wisp barely misses you.
You block the spriggan rider's attack. You block the goliath frog's attack.
You hit the will-o-the-wisp.
The will-o-the-wisp is heavily damaged.
You closely miss the spriggan rider. You slash the spriggan rider!
Your +1 spectral war axe hits the will-o-the-wisp!
The spriggan rider blocks your +1 spectral war axe's attack.
Your +1 spectral war axe misses the spriggan rider.
Your +1 spectral war axe hits the will-o-the-wisp!
You destroy the will-o-the-wisp!
Okawaru accepts your kill.
Your +1 spectral war axe misses the spriggan rider.
Your +1 spectral war axe barely misses the spriggan rider. x2
Your +1 spectral war axe misses the spriggan rider.
You block the spriggan rider's attack. x2
The spriggan rider hits you with a +0 spear!
Your base Armour skill increases to level 14!
The spriggan rider blocks your attack.
The spriggan rider is heavily wounded.
You closely miss the spriggan rider. You closely miss the bunyip.
Your +1 spectral war axe barely misses the spriggan rider.
Your +1 spectral war axe closely misses the spriggan rider.
Your +1 spectral war axe hits the spriggan rider.
Your +1 spectral war axe barely misses the spriggan rider.
Your +1 spectral war axe hits the bunyip!!
Your +1 spectral war axe completely misses the spriggan rider.
Your +1 spectral war axe misses the spriggan rider.
Your +1 spectral war axe hits the spriggan rider.
The spriggan rider blocks your +1 spectral war axe's attack.
Your +1 spectral war axe hits the spriggan rider!!
The goliath frog misses you.
The spriggan rider hits you but does no damage.
You block the bunyip's attack. The bunyip claws you!!
You die...

77~~~~.~¤.~~....7.~.(.
7~~~~~~~..~..~~~¤...(
7~~7~~~~.~~.~~~~~~..
7~~~)~R.~~.~~~~~~7.7
7.~..7¤~7~~~~~..~..7
~..~~~~~>..¤~~.~...7
¤~~~~~~?...
.~...~~~<.~~~~¤.....~~~
~~.¤~.~~~.....~~~7...~~
~~.~~......77.~.~77~.~~
~~~~.~~77.777...77 7..¤
77 7...7 7.. 7~~$.


You could see a bunyip (strong), an eleionoma, an alligator (strong, swift), 4
spriggan riders, a goliath frog (strong) and a friendly +1 spectral war axe.

Vanquished Creatures
  Jorgrun (Orc:1)
  Frances (D:12)
  Gastronok (Lair:1)
  Agnes (D:14)
  Roxanne (D:14)
  A fenstrider witch (Swamp:1)
  A stone giant (D:15)
  Nessos (D:12)
  An eleionoma (Swamp:1)
  A minotaur (Gauntlet)
  A bunyip (Swamp:2)
  Snorg (Orc:2)
  Erolcha (D:12)
  3 vault guards (D:14)
  7 hydras
  2 boulder beetles (D:13)
  5 centaur warriors
  3 tengu warriors
  5 two-headed ogres
  A wretched star (Gauntlet)
  Urug (Lair:1)
  6 orc high priests
  Sonja (D:10)
  A skyshark (Lair:5)
  A goliath frog (Lair:5)
  2 spriggan druids
  2 swamp dragons
  6 deep elf zephyrmancers (D:14)
  A bog body (Swamp:1)
  A wizard (D:14)
  5 necromancers (D:14)
  10 orc knights
  4 deep elf pyromancers
  An orc sorcerer (Orc:2)
  15 ugly things
  A moth of wrath (Gauntlet)
  5 cyclopes
  A manticore (D:14)
  4 will-o-the-wisps
  11 elephants
  Maurice (Orc:2)
  A black mamba (shapeshifter) (D:15)
  Joseph (D:7)
  5 black mambas
  20 cane toads
  3 gargoyles
  2 rime drakes
  Psyche (D:10)
  A freezing wraith (D:15)
  3 kobold demonologists
  An unseen horror (D:10)
  A yaktaur (D:15)
  13 komodo dragons
  Maggie (D:6)
  8 trolls
  An efreet (D:13)
  6 tyrant leeches
  7 polar bears
  3 meliai (D:14)
  6 hornets
  Prince Ribbit (D:7)
  17 blink frogs
  2 jumping spiders (Lair:2)
  6 slime creatures (D:12)
  5 shadows
  2 centaur simulacra
  A culicivora (Lair:2)
  5 spriggans (Swamp:1)
  55 yaks
  2 vampires
  A wraith (D:11)
  A basilisk (Lair:1)
  A steam dragon (D:10)
  A neqoxec (Gauntlet)
  2 wyverns
  16 humans (D:14)
  3 redbacks (Lair:2)
  7 swamp worms
  14 vampire mosquitoes
  3 wargs
  2 acid dragons
  15 water moccasins
  2 sky beasts
  2 black bears
  35 orc warriors
  6 ice beasts
  33 wolves
  7 boggarts
  10 ogres
  2 centaurs
  2 phantoms
  3 kobold brigands
  25 bullfrogs
  6 scorpions
  A small abomination (Gauntlet)
  10 wights
  4 killer bees
  6 howler monkeys
  2 electric eels
  A jelly (D:6)
  A gnoll bouda (Orc:1)
  2 hounds
  20 orc priests
  5 iguanas
  13 orc wizards
  9 mummies
  7 gnolls
  10 adders
  A shadow imp (D:7)
  A white imp (D:6)
  3 worms
  2 dart slugs
  64 orcs
  8 bats
  6 endoplasms
  A giant cockroach (D:2)
  A gnoll zombie (Ossuary)
  6 hobgoblins
  4 jackals (D:3)
  5 quokkas
  10 ball pythons
  3 frilled lizards
  15 goblins
  3 hobgoblin zombies (Ossuary)
  30 kobolds
  2 kobold zombies (Ossuary)
  2 orc zombies (Ossuary)
  3 rats
  A spectral weapon (D:14)
760 creatures vanquished.

Vanquished Creatures (others)
  A black bear (Lair:2)
  An orc priest (Orc:1)
  12 foxfires
  12 spectral weapons
26 creatures vanquished.

Grand Total: 786 creatures vanquished

Notes
Turn   | Place    | Note
-------+----------+-------------------------------------------
     0 | D:1      | qw the Gargoyle Fighter began the quest for the Orb.
     0 | D:1      | Reached XP level 1. HP: 14/14 MP: 1/1
     0 | D:1      | 0 ||| qw: Version: 0.3-a-9-g12657ce
     0 | D:1      | 0 ||| qw: Game counter: 1195
     0 | D:1      | 0 ||| qw: Always use a shield: true
     0 | D:1      | 0 ||| qw: God list: Okawaru
     0 | D:1      | 0 ||| qw: Allow faded altars: false
     0 | D:1      | 0 ||| qw: Do Orc after D:15 true
     0 | D:1      | 0 ||| qw: Do second Lair branch before Depths: true
     0 | D:1      | 0 ||| qw: Lair rune preference: random
     0 | D:1      | 0 ||| qw: Plans: Normal, Zot:1-4, Slime:5, God:TSO, Crypt,
                  | Tomb, Abyss, Pan, Hells, Win
     0 | D:1      | 0 ||| PLANNING D:1-11
    63 | D:1      | Reached skill level 2 in Axes
    74 | D:1      | 74 ||| Stepping ~*~*~tactically~*~*~ (hiding).
    75 | D:1      | 75 ||| Stepping ~*~*~tactically~*~*~ (hiding).
    76 | D:1      | 76 ||| Stepping ~*~*~tactically~*~*~ (hiding).
    92 | D:1      | 92 ||| DROPPING +0 club.
   104 | D:1      | Reached XP level 2. HP: 19/19 MP: 2/2
   360 | D:1      | 360 ||| Stepping ~*~*~tactically~*~*~ (hiding).
   473 | D:1      | 473 ||| DROPPING +0 whip.
   536 | D:1      | Reached skill level 3 in Axes
   664 | D:1      | 664 ||| UPGRADING to +5 ring of evasion.
   665 | D:1      | 665 ||| READING 3 scrolls labelled DEQIUMM XAYL.
   666 | D:1      | 666 ||| READING scroll labelled XIUF ZOAVI.
   667 | D:1      | 667 ||| READING scroll labelled VIRUPUYSAN.
   670 | D:1      | 670 ||| DROPPING 2 scrolls of blinking.
   678 | D:2      | 678 ||| STAIRDANCE
   687 | D:1      | Reached XP level 3. HP: 21/23 MP: 3/3
   702 | D:2      | 702 ||| Stepping ~*~*~tactically~*~*~ (stealth).
   703 | D:2      | 703 ||| Stepping ~*~*~tactically~*~*~ (stealth).
   751 | D:2      | Found Maoj's Magic Scroll Boutique.
   769 | D:2      | 769 ||| SHOPLISTING scroll of enchant armour (82 gold, have
                  | 39).
   769 | D:2      | 769 ||| BUYING scroll of identify (22 gold).
   769 | D:2      | Bought a scroll of identify for 22 gold pieces
   769 | D:2      | 769 ||| SHOPLISTING scroll of identify (22 gold, have 17).
   993 | D:2      | 993 ||| Stepping ~*~*~tactically~*~*~ (stealth).
  1167 | D:2      | Reached XP level 4. HP: 28/28 MP: 4/4
  1514 | D:2      | Reached skill level 4 in Axes
  1554 | D:2      | 1554 ||| Stepping ~*~*~tactically~*~*~ (water).
  1618 | D:2      | 1618 ||| UPGRADING to +0 pair of gloves.
  1623 | D:2      | 1623 ||| UPGRADING to amulet of reflection.
  1628 | D:2      | 1628 ||| DRINKING 3 lumpy sapphire potions.
  1655 | D:2      | 1655 ||| READING 3 scrolls of identify.
  1655 | D:2      | 1655 ||| IDENTIFYING bubbling pink potion
  1656 | D:2      | 1656 ||| READING 2 scrolls of identify.
  1656 | D:2      | 1656 ||| IDENTIFYING clear potion
  1940 | D:3      | 1940 ||| Stepping ~*~*~tactically~*~*~ (hiding).
  1941 | D:3      | 1941 ||| Stepping ~*~*~tactically~*~*~ (hiding).
  2453 | D:3      | Reached skill level 1 in Throwing
  2618 | D:3      | Reached XP level 5. HP: 32/32 MP: 5/5
  2659 | D:3      | 2659 ||| DROPPING +0 mace.
  2861 | D:3      | 2861 ||| UPGRADING to +1 cloak of willpower.
  2866 | D:3      | 2866 ||| UPGRADING to +0 chain mail.
  2876 | D:3      | 2876 ||| DROPPING +0 scale mail.
  2877 | D:3      | 2877 ||| UPGRADING to ring of protection from cold.
  2878 | D:3      | 2878 ||| READING scroll labelled ZEAZESIOVY.
  2879 | D:3      | 2879 ||| READING scroll labelled ROGHOODALUS.
  2880 | D:3      | 2880 ||| READING scroll labelled TUTSAW OZXISH.
  2881 | D:3      | 2881 ||| DRINKING 2 smoky ruby potions.
  2882 | D:3      | 2882 ||| READING 2 scrolls of identify.
  2882 | D:3      | 2882 ||| IDENTIFYING puce potion
  2985 | D:4      | Noticed an ogre
  2990 | D:4      | Killed an ogre
  2991 | D:4      | Reached skill level 5 in Axes
  2995 | D:4      | Reached XP level 6. HP: 31/38 MP: 6/6
  3177 | D:4      | Identified the +6 dagger of Beore {elec, rC+ Str+2}
  3227 | D:4      | 3227 ||| Stepping ~*~*~tactically~*~*~ (stealth).
  3351 | D:4      | Reached skill level 6 in Axes
  3510 | D:4      | 3510 ||| UPGRADING to +0 helmet.
  3515 | D:4      | 3515 ||| DROPPING amulet of the acrobat.
  3528 | D:5      | Entered Level 5 of the Dungeon
  3528 | D:5      | Found a runed translucent door.
  3543 | D:5      | Found a runed translucent door.
  3546 | D:5      | Noticed qw's ghost (novice NaHu)
  3555 | D:5      | Noticed an orc warrior
  3559 | D:5      | 3559 ||| Stepping ~*~*~tactically~*~*~ (stealth).
  3568 | D:5      | Reached XP level 7. HP: 43/43 MP: 7/7
  3714 | D:5      | Found an iron altar of Okawaru.
  3717 | D:5      | Found a snail-covered altar of Cheibriados.
  3739 | D:5      | 3739 ||| PLANNING OKAWARU WORSHIP
  3750 | D:5      | Reached skill level 7 in Axes
  3750 | D:5      | 3750 ||| UPGRADING to +0 plate armour.
  3760 | D:5      | 3760 ||| DROPPING +0 chain mail.
  3768 | D:5      | Became a worshipper of Warmaster Okawaru
  3769 | D:5      | 3769 ||| PLANNING D:1-11
  3799 | D:5      | Reached XP level 8. HP: 43/48 MP: 8/8
  3800 | D:5      | 3800 ||| Stepping ~*~*~tactically~*~*~ (stealth).
  3803 | D:5      | 3803 ||| Stepping ~*~*~tactically~*~*~ (stealth).
  3805 | D:5      | 3805 ||| Stepping ~*~*~tactically~*~*~ (stealth).
  3889 | D:5      | Found Xuaggeisa's Magic Scroll Boutique.
  3901 | D:5      | 3901 ||| BUYING scroll of identify (26 gold).
  3901 | D:5      | Bought a scroll of identify for 26 gold pieces
  3901 | D:5      | 3901 ||| BUYING scroll of identify (26 gold).
  3901 | D:5      | Bought a scroll of identify for 26 gold pieces
  3901 | D:5      | 3901 ||| BUYING scroll of identify (26 gold).
  3901 | D:5      | Bought a scroll of identify for 26 gold pieces
  3901 | D:5      | 3901 ||| BUYING scroll of identify (26 gold).
  3901 | D:5      | Bought a scroll of identify for 26 gold pieces
  3901 | D:5      | 3901 ||| BUYING scroll of teleportation (39 gold).
  3901 | D:5      | Bought a scroll of teleportation for 39 gold pieces
  3901 | D:5      | 3901 ||| BUYING scroll of teleportation (39 gold).
  3901 | D:5      | Bought a scroll of teleportation for 39 gold pieces
  3902 | D:5      | Found a staircase to the Ecumenical Temple.
  3975 | D:5      | Found a bloodstained altar of Trog.
  4049 | D:5      | 4049 ||| READING scroll labelled ROCA DOKHLA.
  4172 | D:6      | Reached * piety under Okawaru
  4198 | D:6      | 4198 ||| INVOKING Heroism.
  4199 | D:6      | 4199 ||| INVOKING Heroism.
  4220 | D:6      | Reached skill level 1 in Invocations
  4286 | D:6      | Noticed Maggie
  4287 | D:6      | 4287 ||| Stepping ~*~*~tactically~*~*~ (hiding).
  4288 | D:6      | 4288 ||| Stepping ~*~*~tactically~*~*~ (hiding).
  4289 | D:6      | 4289 ||| Stepping ~*~*~tactically~*~*~ (hiding).
  4299 | D:6      | 4299 ||| INVOKING Heroism.
  4311 | D:6      | HP: 11/49 [Maggie/bolt of fire (9)]
  4312 | D:6      | 4312 ||| READING 2 scrolls of teleportation.
  4313 | D:6      | Killed Maggie
  4314 | D:6      | Reached skill level 3 in Invocations
  4317 | D:6      | 4317 ||| INVOKING Heroism.
  4320 | D:6      | HP: 9/49 [water moccasin (5)]
  4321 | D:6      | 4321 ||| READING scroll of teleportation.
  4466 | D:6      | 4466 ||| Stepping ~*~*~tactically~*~*~ (hiding).
  4514 | D:6      | Reached XP level 9. HP: 54/54 MP: 11/11
  4529 | D:6      | Found an ancient bone altar of Kikubaaqudgha.
  4611 | D:6      | 4611 ||| INVOKING Heroism.
  4717 | D:6      | Reached skill level 8 in Axes
  4891 | D:6      | 4891 ||| DROPPING ring of wizardry.
  4892 | D:6      | 4892 ||| READING 5 scrolls of identify.
  4892 | D:6      | 4892 ||| IDENTIFYING ruby potion
  4994 | D:7      | 4994 ||| READING scroll of enchant armour.
  4994 | D:7      | 4994 ||| ENCHANTING +0 pair of gloves.
  5016 | D:7      | 5016 ||| Stepping ~*~*~tactically~*~*~ (stealth).
  5021 | D:7      | 5021 ||| Stepping ~*~*~tactically~*~*~ (stealth).
  5035 | D:7      | Reached skill level 6 in Fighting
  5037 | D:7      | 5037 ||| DROPPING +0 flail.
  5073 | D:7      | 5073 ||| INVOKING Heroism.
  5087 | D:7      | Reached ** piety under Okawaru
  5104 | D:7      | Reached skill level 9 in Axes
  5132 | D:7      | Noticed Joseph
  5133 | D:7      | 5133 ||| Stepping ~*~*~tactically~*~*~ (hiding).
  5151 | D:7      | 5151 ||| INVOKING Heroism.
  5154 | D:7      | Killed Joseph
  5155 | D:7      | Reached skill level 6 in Armour
  5325 | D:7      | 5325 ||| Stepping ~*~*~tactically~*~*~ (stealth).
  5382 | D:7      | Found a flagged portal.
  5405 | D:7      | Noticed Prince Ribbit
  5406 | D:7      | 5406 ||| INVOKING Heroism.
  5433 | D:7      | 5433 ||| INVOKING Heroism.
  5455 | D:7      | 5455 ||| INVOKING Heroism.
  5460 | D:7      | Killed Prince Ribbit
  5669 | D:7      | Found a blossoming altar of Fedhas.
  5670 | D:7      | Found a radiant altar of Vehumet.
  5670 | D:7      | Found an ornate altar of the Wu Jian Council.
  5673 | D:7      | Found an opulent altar of Gozag.
  5689 | D:7      | Reached XP level 10. HP: 63/63 MP: 13/13
  5771 | D:7      | 5771 ||| READING 4 scrolls of identify.
  5771 | D:7      | 5771 ||| IDENTIFYING fizzy pink potion
  5772 | D:7      | 5772 ||| DROPPING potion of berserk rage.
  5795 | D:8      | Noticed a two-headed ogre
  5796 | D:8      | 5796 ||| PLANNING OSSUARY
  5796 | D:8      | 5796 ||| INVOKING Heroism.
  5800 | D:8      | Killed a two-headed ogre
  5862 | D:8      | Noticed a gargoyle
  5872 | D:8      | 5872 ||| INVOKING Heroism.
  5877 | D:8      | Killed a gargoyle
  5878 | D:8      | Reached skill level 10 in Axes
  6013 | D:8      | 6013 ||| INVOKING Heroism.
  6185 | D:8      | Found a sand-covered staircase.
  6198 | Ossuary  | Entered an ossuary
  6372 | Ossuary  | 6372 ||| READING 3 scrolls labelled BEOT ANAOTIGIT.
  6373 | Ossuary  | 6373 ||| READING scroll labelled IMNIRPHAUSTU.
  6374 | Ossuary  | 6374 ||| READING 5 scrolls of identify.
  6374 | Ossuary  | 6374 ||| IDENTIFYING yellow potion
  6375 | Ossuary  | 6375 ||| READING 4 scrolls of identify.
  6375 | Ossuary  | 6375 ||| IDENTIFYING blue potion
  6376 | Ossuary  | 6376 ||| DROPPING 2 scrolls of vulnerability.
  6402 | D:8      | 6402 ||| PLANNING D:1-11
  6449 | D:8      | 6449 ||| Stepping ~*~*~tactically~*~*~ (stealth).
  6674 | D:8      | Noticed a two-headed ogre
  6675 | D:8      | 6675 ||| INVOKING Heroism.
  6684 | D:8      | Killed a two-headed ogre
  6684 | D:8      | Reached *** piety under Okawaru
  6685 | D:8      | Reached skill level 6 in Shields
  6814 | D:8      | 6814 ||| UPGRADING to +0 kite shield.
  6824 | D:8      | 6824 ||| DROPPING +0 buckler.
  6825 | D:8      | 6825 ||| DROPPING scarf of invisibility.
  6826 | D:8      | 6826 ||| UPGRADING to +0 helmet of see invisible.
  6836 | D:8      | 6836 ||| DROPPING +0 helmet.
  6837 | D:8      | 6837 ||| READING 4 scrolls of identify.
  6837 | D:8      | 6837 ||| IDENTIFYING red potion
  6838 | D:8      | 6838 ||| READING 3 scrolls of identify.
  6838 | D:8      | 6838 ||| IDENTIFYING fizzy white potion
  6839 | D:8      | 6839 ||| DROPPING potion of brilliance.
  6857 | D:9      | 6857 ||| Stepping ~*~*~tactically~*~*~ (stealth).
  6859 | D:9      | 6859 ||| Stepping ~*~*~tactically~*~*~ (stealth).
  6861 | D:9      | 6861 ||| Stepping ~*~*~tactically~*~*~ (stealth).
  6865 | D:9      | 6865 ||| INVOKING Heroism.
  6922 | D:9      | 6922 ||| INVOKING Heroism.
  6944 | D:9      | Reached XP level 11. HP: 68/68 MP: 14/14
  6953 | D:9      | Found a staircase to the Lair.
  6984 | D:9      | 6984 ||| Stepping ~*~*~tactically~*~*~ (stealth).
  6991 | D:9      | 6991 ||| Stepping ~*~*~tactically~*~*~ (stealth).
  7084 | D:9      | 7084 ||| Stepping ~*~*~tactically~*~*~ (stealth).
  7103 | D:9      | Reached skill level 9 in Shields
  7104 | D:9      | 7104 ||| INVOKING Heroism.
  7332 | D:9      | Reached **** piety under Okawaru
  7399 | D:9      | Noticed a deep elf pyromancer
  7415 | D:9      | Killed a deep elf pyromancer
  7486 | D:9      | Noticed a two-headed ogre
  7487 | D:9      | 7487 ||| INVOKING Heroism.
  7499 | D:9      | Killed a two-headed ogre
  7500 | D:9      | Reached skill level 11 in Axes
  7591 | D:9      | 7591 ||| INVOKING Heroism.
  7902 | D:9      | 7902 ||| DROPPING +3 flail.
  7969 | D:9      | 7969 ||| PLANNING LAIR
  7969 | D:9      | 7969 ||| READING 2 scrolls of identify.
  7969 | D:9      | 7969 ||| IDENTIFYING golden potion
  7970 | D:9      | 7970 ||| DROPPING potion of ambrosia.
  7986 | Lair:1   | Entered Level 1 of the Lair of Beasts
  7989 | Lair:1   | 7989 ||| Stepping ~*~*~tactically~*~*~ (stealth).
  7993 | Lair:1   | 7993 ||| Stepping ~*~*~tactically~*~*~ (stealth).
  7994 | Lair:1   | 7994 ||| Stepping ~*~*~tactically~*~*~ (stealth).
  8010 | Lair:1   | Reached skill level 6 in Invocations
  8086 | Lair:1   | Noticed Gastronok
  8087 | Lair:1   | 8087 ||| FLEEEEING.
  8117 | Lair:1   | 8117 ||| INVOKING Heroism.
  8135 | Lair:1   | Killed Gastronok
  8305 | Lair:1   | 8305 ||| Stepping ~*~*~tactically~*~*~ (stealth).
  8307 | Lair:1   | 8307 ||| INVOKING Heroism.
  8398 | Lair:1   | 8398 ||| INVOKING Heroism.
  8406 | Lair:1   | Reached XP level 12. HP: 72/73 MP: 15/17
  8479 | Lair:1   | Noticed Urug
  8480 | Lair:1   | 8480 ||| Stepping ~*~*~tactically~*~*~ (hiding).
  8482 | Lair:1   | 8482 ||| INVOKING Heroism.
  8498 | Lair:1   | Killed Urug
  8697 | Lair:1   | 8697 ||| INVOKING Heroism.
  8771 | Lair:1   | 8771 ||| Stepping ~*~*~tactically~*~*~ (stealth).
  8795 | Lair:1   | 8795 ||| Stepping ~*~*~tactically~*~*~ (stealth).
  8883 | Lair:1   | Reached ***** piety under Okawaru
  9363 | Lair:1   | 9363 ||| INVOKING Heroism.
  9451 | Lair:1   | 9451 ||| READING scroll labelled UTSEFE XE JOA.
  9452 | Lair:1   | 9452 ||| READING scroll labelled BIPHUI OQIKURIT.
  9553 | Lair:1   | 9553 ||| READING 2 scrolls of identify.
  9553 | Lair:1   | 9553 ||| IDENTIFYING smoky coppery potion
  9554 | Lair:1   | 9554 ||| DROPPING potion of degeneration.
  9607 | Lair:2   | Reached skill level 3 in Throwing
  9611 | Lair:2   | 9611 ||| STAIRDANCE
  9620 | Lair:1   | Reached skill level 9 in Invocations
  9658 | Lair:2   | 9658 ||| Stepping ~*~*~tactically~*~*~ (hiding).
  9664 | Lair:2   | 9664 ||| INVOKING Heroism.
  9694 | Lair:2   | Found a staircase to the Swamp.
  9743 | Lair:2   | Reached skill level 9 in Fighting
  9803 | Lair:2   | 9803 ||| INVOKING Heroism.
  9913 | Lair:2   | 9913 ||| INVOKING Heroism.
  9969 | Lair:2   | Received a gift from Okawaru
  9981 | Lair:2   | Found a hole to the Spider Nest.
 10110 | Lair:2   | 10110 ||| Stepping ~*~*~tactically~*~*~ (stealth).
 10316 | Lair:2   | Reached skill level 12 in Axes
 10728 | Lair:2   | 10728 ||| UPGRADING to +0 pair of boots.
 10733 | Lair:2   | 10733 ||| READING scroll labelled YSATUD WUUQ.
 10781 | Lair:2   | 10781 ||| READING scroll labelled OKUODD GORGHE.
 10902 | Lair:3   | Noticed a six-headed hydra
 10903 | Lair:3   | 10903 ||| INVOKING Heroism.
 10904 | Lair:3   | 10904 ||| INVOKING Finesse.
 10908 | Lair:3   | 10908 ||| SWAPPING to +3 morningstar.
 10910 | Lair:3   | Killed a six-headed hydra
 10911 | Lair:3   | Reached skill level 9 in Armour
 10911 | Lair:3   | 10911 ||| SWAPPING to +0 spectral war axe.
 10994 | Lair:3   | 10994 ||| INVOKING Heroism.
 11000 | Lair:3   | Reached XP level 13. HP: 80/80 MP: 18/20
 11214 | Lair:3   | 11214 ||| INVOKING Heroism.
 11360 | Lair:3   | 11360 ||| INVOKING Heroism.
 11488 | Lair:3   | 11488 ||| Stepping ~*~*~tactically~*~*~ (stealth).
 11495 | Lair:3   | 11495 ||| Stepping ~*~*~tactically~*~*~ (stealth).
 11523 | Lair:3   | 11523 ||| INVOKING Heroism.
 11536 | Lair:3   | Identified the +7 flail of Arrival {drain, rF+ rCorr Str+3}
 11587 | Lair:3   | 11587 ||| INVOKING Heroism.
 11593 | Lair:3   | Received a gift from Okawaru
 11821 | Lair:3   | 11821 ||| DROPPING amulet of regeneration.
 11919 | Lair:4   | 11919 ||| INVOKING Heroism.
 12090 | Lair:4   | 12090 ||| Stepping ~*~*~tactically~*~*~ (stealth).
 12108 | Lair:4   | 12108 ||| INVOKING Heroism.
 12144 | Lair:4   | Reached skill level 13 in Axes
 12257 | Lair:4   | 12257 ||| INVOKING Heroism.
 12301 | Lair:4   | 12301 ||| INVOKING Heroism.
 12317 | Lair:4   | 12317 ||| Stepping ~*~*~tactically~*~*~ (stealth).
 12358 | Lair:4   | 12358 ||| INVOKING Heroism.
 12359 | Lair:4   | 12359 ||| Stepping ~*~*~tactically~*~*~ (stealth).
 12432 | Lair:4   | 12432 ||| INVOKING Heroism.
 12493 | Lair:4   | 12493 ||| INVOKING Heroism.
 12796 | Lair:4   | Found a viscous altar of Jiyva.
 12796 | Lair:4   | Found a staircase to the Slime Pits.
 12800 | Lair:4   | 12800 ||| INVOKING Heroism.
 13077 | Lair:5   | Entered Level 5 of the Lair of Beasts
 13120 | Lair:5   | Received a gift from Okawaru
 13229 | Lair:5   | 13229 ||| Stepping ~*~*~tactically~*~*~ (stealth).
 13247 | Lair:5   | 13247 ||| INVOKING Heroism.
 13295 | Lair:5   | Gained mutation: Your large and strong wings let you fly.
                  | [Gargoyle growth]
 13295 | Lair:5   | Reached XP level 14. HP: 44/88 MP: 21/21
 13296 | Lair:5   | 13296 ||| Stepping ~*~*~tactically~*~*~ (stealth).
 13297 | Lair:5   | 13297 ||| INVOKING Heroism.
 13304 | Lair:5   | Reached skill level 14 in Axes
 13307 | Lair:5   | 13307 ||| INVOKING Finesse.
 13313 | Lair:5   | 13313 ||| SWAPPING to +7 flail of Arrival {drain, rF+ rCorr
                  | Str+3}.
 13319 | Lair:5   | 13319 ||| SWAPPING to +0 spectral war axe.
 13347 | Lair:5   | 13347 ||| Stepping ~*~*~tactically~*~*~ (stealth).
 13349 | Lair:5   | 13349 ||| INVOKING Heroism.
 13372 | Lair:5   | Received a gift from Okawaru
 13475 | Lair:5   | 13475 ||| Stepping ~*~*~tactically~*~*~ (stealth).
 13477 | Lair:5   | 13477 ||| Stepping ~*~*~tactically~*~*~ (stealth).
 13478 | Lair:5   | 13478 ||| Stepping ~*~*~tactically~*~*~ (stealth).
 13743 | Lair:5   | Identified the +6 flail of the Wary Xenops {heavy, Drain
                  | rF++ Str+4 Dex-4}
 13862 | Lair:5   | 13862 ||| Stepping ~*~*~tactically~*~*~ (stealth).
 14323 | Lair:5   | 14323 ||| PLANNING D:1-11
 14323 | Lair:5   | 14323 ||| READING scroll labelled JECAIH VIRAOROFIX.
 14446 | D:10     | Entered Level 10 of the Dungeon
 14446 | D:10     | Noticed Psyche
 14460 | D:10     | Killed Psyche
 14480 | D:10     | 14480 ||| STAIRDANCE
 14667 | D:10     | Noticed Sonja
 14668 | D:10     | 14668 ||| Stepping ~*~*~tactically~*~*~ (hiding).
 14669 | D:10     | 14669 ||| Stepping ~*~*~tactically~*~*~ (hiding).
 14670 | D:10     | 14670 ||| Stepping ~*~*~tactically~*~*~ (hiding).
 14671 | D:10     | 14671 ||| Stepping ~*~*~tactically~*~*~ (hiding).
 14672 | D:10     | 14672 ||| Stepping ~*~*~tactically~*~*~ (hiding).
 14674 | D:10     | 14674 ||| Stepping ~*~*~tactically~*~*~ (hiding).
 14675 | D:10     | 14675 ||| INVOKING Finesse.
 14681 | D:10     | Killed Sonja
 14960 | D:10     | Reached skill level 12 in Shields
 15182 | D:10     | 15182 ||| READING scroll of enchant armour.
 15182 | D:10     | 15182 ||| ENCHANTING +1 pair of gloves.
 15183 | D:10     | 15183 ||| READING scroll labelled HUCLUQ DIMNITS.
 15184 | D:10     | 15184 ||| READING 3 scrolls of identify.
 15184 | D:10     | 15184 ||| IDENTIFYING metallic pink potion
 15227 | D:11     | Identified the staff "Pooc" {rPois rF+ Fire}
 15239 | D:11     | 15239 ||| Stepping ~*~*~tactically~*~*~ (stealth).
 15241 | D:11     | 15241 ||| Stepping ~*~*~tactically~*~*~ (stealth).
 15243 | D:11     | 15243 ||| Stepping ~*~*~tactically~*~*~ (hiding).
 15249 | D:11     | 15249 ||| INVOKING Heroism.
 15250 | D:11     | 15250 ||| INVOKING Finesse.
 15840 | D:11     | 15840 ||| PLANNING D
 15840 | D:11     | 15840 ||| UPGRADING to amulet of faith.
 15880 | D:12     | Noticed Nessos
 15881 | D:12     | 15881 ||| Stepping ~*~*~tactically~*~*~ (hiding).
 15882 | D:12     | 15882 ||| INVOKING Finesse.
 15884 | D:12     | 15884 ||| Stepping ~*~*~tactically~*~*~ (hiding).
 15892 | D:12     | Killed Nessos
 15946 | D:12     | Noticed Erolcha
 15947 | D:12     | 15947 ||| INVOKING Heroism.
 15956 | D:12     | Killed Erolcha
 15961 | D:12     | 15961 ||| READING scroll of enchant armour.
 15961 | D:12     | 15961 ||| ENCHANTING +0 helmet of see invisible.
 15973 | D:12     | 15973 ||| Stepping ~*~*~tactically~*~*~ (hiding).
 15974 | D:12     | 15974 ||| Stepping ~*~*~tactically~*~*~ (hiding).
 15975 | D:12     | 15975 ||| Stepping ~*~*~tactically~*~*~ (hiding).
 16274 | D:12     | Noticed Frances
 16275 | D:12     | 16275 ||| Stepping ~*~*~tactically~*~*~ (hiding).
 16277 | D:12     | 16277 ||| Stepping ~*~*~tactically~*~*~ (hiding).
 16279 | D:12     | 16279 ||| Stepping ~*~*~tactically~*~*~ (hiding).
 16283 | D:12     | 16283 ||| INVOKING Heroism.
 16284 | D:12     | 16284 ||| INVOKING Finesse.
 16308 | D:12     | Killed Frances
 16515 | D:12     | 16515 ||| Stepping ~*~*~tactically~*~*~ (hiding).
 16517 | D:12     | 16517 ||| Stepping ~*~*~tactically~*~*~ (hiding).
 16538 | D:12     | Found a staircase to the Orcish Mines.
 16647 | D:12     | 16647 ||| INVOKING Heroism.
 16863 | D:12     | 16863 ||| READING 7 scrolls of teleportation.
 16864 | D:12     | 16864 ||| INVOKING Heroism.
 16983 | D:12     | 16983 ||| FLEEEEING.
 16984 | D:12     | 16984 ||| FLEEEEING.
 16985 | D:12     | 16985 ||| FLEEEEING.
 16986 | D:12     | 16986 ||| FLEEEEING.
 16989 | D:12     | 16989 ||| FLEEEEING.
 16991 | D:12     | 16991 ||| FLEEEEING.
 16992 | D:12     | 16992 ||| FLEEEEING.
 16993 | D:12     | 16993 ||| FLEEEEING.
 16997 | D:12     | 16997 ||| FLEEEEING.
 17013 | D:12     | Reached skill level 15 in Axes
 17129 | D:12     | 17129 ||| READING scroll labelled WIFEAQ WAOSU.
 17136 | D:13     | 17136 ||| PLANNING GAUNTLET
 17163 | D:13     | 17163 ||| INVOKING Heroism.
 17317 | D:13     | Found a transporter.
 17322 | D:13     | 17322 ||| FLEEEEING.
 17323 | D:13     | 17323 ||| FLEEEEING.
 17324 | D:13     | 17324 ||| FLEEEEING.
 17327 | D:13     | 17327 ||| FLEEEEING.
 17328 | D:13     | 17328 ||| FLEEEEING.
 17329 | D:13     | 17329 ||| FLEEEEING.
 17330 | D:13     | 17330 ||| FLEEEEING.
 17331 | D:13     | 17331 ||| FLEEEEING.
 17333 | D:13     | 17333 ||| FLEEEEING.
 17334 | D:13     | 17334 ||| FLEEEEING.
 17340 | D:13     | 17340 ||| FLEEEEING.
 17341 | D:13     | 17341 ||| FLEEEEING.
 17342 | D:13     | 17342 ||| FLEEEEING.
 17343 | D:13     | 17343 ||| FLEEEEING.
 17344 | D:13     | 17344 ||| FLEEEEING.
 17345 | D:13     | 17345 ||| FLEEEEING.
 17346 | D:13     | 17346 ||| FLEEEEING.
 17347 | D:13     | 17347 ||| FLEEEEING.
 17348 | D:13     | 17348 ||| FLEEEEING.
 17349 | D:13     | 17349 ||| FLEEEEING.
 17350 | D:13     | 17350 ||| FLEEEEING.
 17351 | D:13     | 17351 ||| FLEEEEING.
 17352 | D:13     | 17352 ||| FLEEEEING.
 17353 | D:13     | 17353 ||| FLEEEEING.
 17354 | D:13     | 17354 ||| FLEEEEING.
 17362 | D:13     | 17362 ||| FLEEEEING.
 17365 | D:13     | 17365 ||| Stepping ~*~*~tactically~*~*~ (hiding).
 17368 | D:13     | 17368 ||| Stepping ~*~*~tactically~*~*~ (hiding).
 17423 | D:13     | 17423 ||| Stepping ~*~*~tactically~*~*~ (hiding).
 17591 | D:13     | Found a gate leading to a gauntlet.
 17600 | Gauntlet | Entered a Gauntlet
 17600 | Gauntlet | Found a transporter.
 17611 | Gauntlet | Found a transporter.
 17625 | Gauntlet | Found a transporter.
 17636 | Gauntlet | Found a transporter.
 17654 | Gauntlet | Found a transporter.
 17655 | Gauntlet | Noticed a balrug
 17665 | Gauntlet | Found a transporter.
 17675 | Gauntlet | Found a transporter.
 17697 | Gauntlet | Found a transporter.
 17698 | Gauntlet | Found a runed translucent door.
 17709 | Gauntlet | Found a transporter.
 17718 | Gauntlet | Found a transporter.
 17759 | Gauntlet | Found a transporter.
 17760 | Gauntlet | Found a transporter.
 17776 | Gauntlet | Found a transporter.
 17818 | Gauntlet | Found a transporter.
 17868 | Gauntlet | 17868 ||| INVOKING Heroism.
 17936 | Gauntlet | 17936 ||| DROPPING scarf of repulsion.
 18010 | Gauntlet | 18010 ||| INVOKING Heroism.
 18018 | Gauntlet | Reached XP level 15. HP: 64/96 MP: 16/18
 18113 | Gauntlet | 18113 ||| DROPPING +1 hat.
 18142 | Gauntlet | Identified the +1 rapier of Dumyfare {heavy, Fly Int+6}
 18143 | Gauntlet | 18143 ||| INVOKING Heroism.
 18162 | Gauntlet | Reached skill level 12 in Fighting
 18192 | Gauntlet | Identified the +1 robe "Kaihuoc" {rN+ Regen+}
 18196 | Gauntlet | Identified the +1 helmet of Hapnees {Str+4}
 18198 | Gauntlet | 18198 ||| UPGRADING to +1 plate armour of cold resistance.
 18208 | Gauntlet | 18208 ||| DROPPING +0 plate armour.
 18209 | Gauntlet | 18209 ||| DROPPING +2 chain mail of cold resistance.
 18210 | Gauntlet | 18210 ||| UPGRADING to ring of willpower.
 18215 | D:13     | 18215 ||| PLANNING D
 18275 | D:13     | 18275 ||| INVOKING Heroism.
 18276 | D:13     | 18276 ||| INVOKING Finesse.
 18280 | D:13     | 18280 ||| SWAPPING to +7 flail of Arrival {drain, rF+ rCorr
                  | Str+3}.
 18284 | D:13     | 18284 ||| SWAPPING to +0 spectral war axe.
 18502 | D:13     | Found a one-way gate to the infinite horrors of the Abyss.
 18502 | D:13     | Noticed HilariousDeathArtist's ghost (journeyman VSBe)
 18515 | D:13     | Found a transporter.
 18534 | D:13     | 18534 ||| INVOKING Heroism.
 18537 | D:13     | 18537 ||| SWAPPING to +7 flail of Arrival {drain, rF+ rCorr
                  | Str+3}.
 18543 | D:13     | 18543 ||| SWAPPING to +0 spectral war axe.
 18571 | D:13     | 18571 ||| Stepping ~*~*~tactically~*~*~ (hiding).
 18615 | D:13     | 18615 ||| INVOKING Heroism.
 18839 | D:13     | Received a gift from Okawaru
 18974 | D:14     | Noticed Agnes
 18976 | D:14     | 18976 ||| INVOKING Heroism.
 18977 | D:14     | 18977 ||| INVOKING Finesse.
 18978 | D:14     | 18978 ||| INVOKING Finesse.
 18990 | D:14     | Killed Agnes
 19212 | D:14     | 19212 ||| INVOKING Heroism.
 19357 | D:14     | 19357 ||| INVOKING Heroism.
 19426 | D:14     | 19426 ||| INVOKING Heroism.
 19429 | D:14     | 19429 ||| Stepping ~*~*~tactically~*~*~ (hiding).
 19430 | D:14     | 19430 ||| SWAPPING to +7 flail of Arrival {drain, rF+ rCorr
                  | Str+3}.
 19435 | D:14     | Reached skill level 3 in Dodging
 19435 | D:14     | 19435 ||| SWAPPING to +0 spectral war axe.
 19451 | D:14     | Received a gift from Okawaru
 19653 | D:14     | Reached skill level 16 in Axes
 19669 | D:14     | Identified Roxanne's Omnibus of the Geologist
 19669 | D:14     | Noticed Roxanne
 19670 | D:14     | 19670 ||| INVOKING Heroism.
 19699 | D:14     | Killed Roxanne
 19780 | D:14     | Found Dieda's Magic Scroll Shop.
 19788 | D:14     | 19788 ||| BUYING scroll of identify (22 gold).
 19788 | D:14     | Bought a scroll of identify for 22 gold pieces
 19788 | D:14     | 19788 ||| BUYING scroll of identify (22 gold).
 19788 | D:14     | Bought a scroll of identify for 22 gold pieces
 19788 | D:14     | 19788 ||| BUYING scroll of identify (22 gold).
 19788 | D:14     | Bought a scroll of identify for 22 gold pieces
 19788 | D:14     | 19788 ||| BUYING scroll of teleportation (33 gold).
 19788 | D:14     | Bought a scroll of teleportation for 33 gold pieces
 19907 | D:14     | Identified the +0 cloak "Keivasy" {rElec rC- Dex+3}
 19953 | D:14     | 19953 ||| READING scroll of enchant armour.
 19953 | D:14     | 19953 ||| ENCHANTING +1 helmet of see invisible.
 19964 | D:14     | Identified the +1 pair of boots "Xuum" {rPois} (Okawaru
                  | gifted it to you on level 14 of the Dungeon)
 19964 | D:14     | Received a gift from Okawaru
 19970 | D:14     | Reached skill level 12 in Armour
 20021 | D:14     | Found a gate to the Vaults.
 20215 | D:14     | 20215 ||| Stepping ~*~*~tactically~*~*~ (hiding).
 20459 | D:14     | 20459 ||| DROPPING +0 cloak "Keivasy" {rElec rC- Dex+3}.
 20460 | D:14     | 20460 ||| UPGRADING to +1 pair of boots "Xuum" {rPois}.
 20470 | D:14     | 20470 ||| DROPPING +0 pair of boots.
 20522 | D:15     | Entered Level 15 of the Dungeon
 20538 | D:15     | 20538 ||| READING scroll of enchant weapon.
 20538 | D:15     | 20538 ||| ENCHANTING +0 spectral war axe.
 20651 | D:15     | 20651 ||| Stepping ~*~*~tactically~*~*~ (hiding).
 20653 | D:15     | 20653 ||| Stepping ~*~*~tactically~*~*~ (hiding).
 20698 | D:15     | Found a staircase to the Depths.
 20699 | D:15     | 20699 ||| INVOKING Heroism.
 20810 | D:15     | 20810 ||| FLEEEEING.
 21026 | D:15     | 21026 ||| INVOKING Heroism.
 21158 | D:15     | 21158 ||| Stepping ~*~*~tactically~*~*~ (hiding).
 21162 | D:15     | 21162 ||| INVOKING Heroism.
 21387 | D:15     | 21387 ||| INVOKING Heroism.
 21578 | D:15     | 21578 ||| INVOKING Heroism.
 21599 | D:15     | Reached XP level 16. HP: 101/104 MP: 23/23
 21599 | D:15     | 21599 ||| INVOKING Finesse.
 21682 | D:15     | 21682 ||| Stepping ~*~*~tactically~*~*~ (stealth).
 21695 | D:15     | 21695 ||| FLEEEEING.
 21909 | D:15     | 21909 ||| PLANNING ORC
 21998 | Orc:1    | Entered Level 1 of the Orcish Mines
 22204 | Orc:2    | Entered Level 2 of the Orcish Mines
 22204 | Orc:2    | Noticed Snorg
 22217 | Orc:2    | Killed Snorg
 22219 | Orc:2    | 22219 ||| STAIRDANCE
 22273 | Orc:2    | Found a staircase to the Elven Halls.
 22298 | Orc:1    | 22298 ||| Stepping randomly (stuck).
 22328 | Orc:2    | 22328 ||| Stepping ~*~*~tactically~*~*~ (hiding).
 22329 | Orc:2    | 22329 ||| Stepping ~*~*~tactically~*~*~ (hiding).
 22330 | Orc:2    | 22330 ||| Stepping ~*~*~tactically~*~*~ (hiding).
 22331 | Orc:2    | 22331 ||| Stepping ~*~*~tactically~*~*~ (hiding).
 22332 | Orc:2    | 22332 ||| Stepping ~*~*~tactically~*~*~ (hiding).
 22333 | Orc:2    | 22333 ||| INVOKING Heroism.
 22445 | Orc:1    | 22445 ||| INVOKING Heroism.
 22453 | Orc:1    | Received a gift from Okawaru
 22503 | Orc:1    | 22503 ||| DROPPING +3 morningstar.
 22509 | Orc:1    | 22509 ||| DROPPING +7 flail of Arrival {drain, rF+ rCorr
                  | Str+3}.
 22510 | Orc:1    | 22510 ||| DROPPING +0 morningstar of protection.
 22511 | Orc:1    | 22511 ||| DROPPING +6 flail of the Wary Xenops {heavy,
                  | Drain rF++ Str+4 Dex-4}.
 22569 | Orc:1    | Found the +10 tower shield of Ignorance {rN+ Int-4}
 22574 | Orc:1    | Found a runed translucent door.
 22586 | Orc:1    | Noticed Jorgrun
 22587 | Orc:1    | 22587 ||| INVOKING Heroism.
 22588 | Orc:1    | 22588 ||| INVOKING Finesse.
 22599 | Orc:1    | Killed Jorgrun
 22678 | Orc:1    | Found a runed translucent door.
 22863 | Orc:1    | 22863 ||| Stepping randomly (stuck).
 23001 | Orc:2    | 23001 ||| Stepping ~*~*~tactically~*~*~ (stealth).
 23003 | Orc:2    | 23003 ||| Stepping ~*~*~tactically~*~*~ (stealth).
 23005 | Orc:2    | 23005 ||| Stepping ~*~*~tactically~*~*~ (stealth).
 23008 | Orc:2    | 23008 ||| INVOKING Heroism.
 23025 | Orc:2    | Reached skill level 6 in Throwing
 23025 | Orc:2    | 23025 ||| Stepping ~*~*~tactically~*~*~ (hiding).
 23028 | Orc:2    | Noticed Maurice
 23041 | Orc:2    | 23041 ||| Stepping ~*~*~tactically~*~*~ (hiding).
 23048 | Orc:2    | Killed Maurice
 23051 | Orc:2    | 23051 ||| INVOKING Heroism.
 23054 | Orc:2    | 23054 ||| Stepping ~*~*~tactically~*~*~ (stealth).
 23072 | Orc:2    | 23072 ||| Stepping ~*~*~tactically~*~*~ (stealth).
 23107 | Orc:2    | 23107 ||| FLEEEEING.
 23108 | Orc:2    | 23108 ||| FLEEEEING.
 23109 | Orc:2    | 23109 ||| FLEEEEING.
 23111 | Orc:2    | 23111 ||| FLEEEEING.
 23112 | Orc:2    | 23112 ||| FLEEEEING.
 23113 | Orc:2    | 23113 ||| FLEEEEING.
 23114 | Orc:2    | 23114 ||| FLEEEEING.
 23115 | Orc:2    | 23115 ||| FLEEEEING.
 23116 | Orc:2    | 23116 ||| FLEEEEING.
 23117 | Orc:2    | 23117 ||| FLEEEEING.
 23118 | Orc:2    | 23118 ||| FLEEEEING.
 23119 | Orc:2    | 23119 ||| FLEEEEING.
 23120 | Orc:2    | 23120 ||| FLEEEEING.
 23121 | Orc:2    | 23121 ||| FLEEEEING.
 23122 | Orc:2    | 23122 ||| FLEEEEING.
 23123 | Orc:2    | 23123 ||| FLEEEEING.
 23124 | Orc:2    | 23124 ||| FLEEEEING.
 23125 | Orc:2    | 23125 ||| FLEEEEING.
 23126 | Orc:2    | 23126 ||| FLEEEEING.
 23127 | Orc:2    | 23127 ||| FLEEEEING.
 23128 | Orc:2    | 23128 ||| FLEEEEING.
 23129 | Orc:2    | 23129 ||| FLEEEEING.
 23130 | Orc:2    | 23130 ||| FLEEEEING.
 23131 | Orc:2    | 23131 ||| STAIRDANCE
 23252 | Orc:2    | 23252 ||| Stepping ~*~*~tactically~*~*~ (stealth).
 23254 | Orc:2    | 23254 ||| Stepping ~*~*~tactically~*~*~ (hiding).
 23255 | Orc:2    | 23255 ||| Stepping ~*~*~tactically~*~*~ (hiding).
 23269 | Orc:2    | 23269 ||| Stepping ~*~*~tactically~*~*~ (hiding).
 23337 | Orc:2    | 23337 ||| Stepping ~*~*~tactically~*~*~ (stealth).
 23339 | Orc:2    | 23339 ||| Stepping ~*~*~tactically~*~*~ (hiding).
 23346 | Orc:2    | 23346 ||| Stepping ~*~*~tactically~*~*~ (hiding).
 23445 | Orc:2    | 23445 ||| INVOKING Heroism.
 23464 | Orc:2    | HP: 25/104 [orc knight/+3 long sword (11)]
 23465 | Orc:2    | 23465 ||| READING 9 scrolls of teleportation.
 23466 | Orc:2    | 23466 ||| DRINKING 3 potions of heal wounds.
 23469 | Orc:2    | HP: 14/104 [orc priest/divine providence (15)]
 23470 | Orc:2    | 23470 ||| READING 8 scrolls of teleportation.
 23471 | Orc:2    | 23471 ||| DRINKING 2 potions of heal wounds.
 23692 | Orc:2    | 23692 ||| Stepping ~*~*~tactically~*~*~ (stealth).
 23694 | Orc:2    | 23694 ||| Stepping ~*~*~tactically~*~*~ (stealth).
 23698 | Orc:2    | 23698 ||| Stepping ~*~*~tactically~*~*~ (hiding).
 23700 | Orc:2    | 23700 ||| Stepping ~*~*~tactically~*~*~ (hiding).
 23701 | Orc:2    | 23701 ||| Stepping ~*~*~tactically~*~*~ (hiding).
 23702 | Orc:2    | 23702 ||| INVOKING Heroism.
 23795 | Orc:2    | 23795 ||| FLEEEEING.
 23796 | Orc:2    | 23796 ||| FLEEEEING.
 23924 | Orc:2    | 23924 ||| INVOKING Heroism.
 23930 | Orc:2    | 23930 ||| Stepping ~*~*~tactically~*~*~ (stealth).
 23971 | Orc:2    | 23971 ||| Stepping ~*~*~tactically~*~*~ (stealth).
 23997 | Orc:2    | 23997 ||| Stepping ~*~*~tactically~*~*~ (stealth).
 23998 | Orc:2    | 23998 ||| Stepping ~*~*~tactically~*~*~ (stealth).
 24034 | Orc:2    | 24034 ||| INVOKING Heroism.
 24090 | Orc:2    | 24090 ||| INVOKING Heroism.
 24096 | Orc:2    | Received a gift from Okawaru
 24170 | Orc:2    | Found Qoleuc's Distillery.
 24172 | Orc:2    | Found Ytauxzeu's Antique Weapon Shop.
 24174 | Orc:2    | Found Ewko's General Store.
 24175 | Orc:2    | Found Dauf Pab's General Store.
 24179 | Orc:2    | 24179 ||| BUYING 2 potions of magic (240 gold).
 24179 | Orc:2    | Bought 2 potions of magic for 240 gold pieces
 24179 | Orc:2    | 24179 ||| BUYING potion of heal wounds (75 gold).
 24179 | Orc:2    | Bought a potion of heal wounds for 75 gold pieces
 24179 | Orc:2    | 24179 ||| BUYING potion of lignification (45 gold).
 24179 | Orc:2    | Bought a potion of lignification for 45 gold pieces
 24179 | Orc:2    | 24179 ||| BUYING potion of lignification (45 gold).
 24179 | Orc:2    | Bought a potion of lignification for 45 gold pieces
 24179 | Orc:2    | 24179 ||| BUYING potion of magic (120 gold).
 24179 | Orc:2    | Bought a potion of magic for 120 gold pieces
 24179 | Orc:2    | 24179 ||| BUYING potion of resistance (150 gold).
 24179 | Orc:2    | Bought a potion of resistance for 150 gold pieces
 24180 | Orc:2    | 24180 ||| BUYING glowing war axe (156 gold).
 24180 | Orc:2    | Bought a glowing war axe for 156 gold pieces
 24180 | Orc:2    | 24180 ||| DROPPING +0 heavy war axe.
 24183 | Orc:2    | 24183 ||| BUYING 2 potions of curing (60 gold).
 24183 | Orc:2    | Bought 2 potions of curing for 60 gold pieces
 24183 | Orc:2    | 24183 ||| BUYING scroll of teleportation (30 gold).
 24183 | Orc:2    | Bought a scroll of teleportation for 30 gold pieces
 24184 | Orc:2    | 24184 ||| BUYING ring of protection from fire (275 gold).
 24184 | Orc:2    | Bought a ring of protection from fire for 275 gold pieces
 24184 | Orc:2    | 24184 ||| BUYING scroll of identify (22 gold).
 24184 | Orc:2    | Bought a scroll of identify for 22 gold pieces
 24191 | Orc:2    | 24191 ||| PLANNING SWAMP:1-3
 24191 | Orc:2    | 24191 ||| UPGRADING to ring of protection from fire.
 24377 | Swamp:1  | Entered Level 1 of the Swamp
 24476 | Swamp:1  | 24476 ||| INVOKING Heroism.
 24478 | Swamp:1  | Noticed a fenstrider witch
 24485 | Swamp:1  | 24485 ||| SWAPPING to +1 hand axe of flaming.
 24493 | Swamp:1  | 24493 ||| SWAPPING to +1 spectral war axe.
 24494 | Swamp:1  | Killed a fenstrider witch
 24503 | Swamp:1  | 24503 ||| INVOKING Heroism.
 24506 | Swamp:1  | 24506 ||| Stepping ~*~*~tactically~*~*~ (hiding).
 24811 | Swamp:1  | 24811 ||| INVOKING Heroism.
 25097 | Swamp:1  | 25097 ||| Stepping ~*~*~tactically~*~*~ (hiding).
 25124 | Swamp:1  | 25124 ||| INVOKING Heroism.
 25346 | Swamp:2  | 25346 ||| INVOKING Heroism.
 25353 | Swamp:2  | 25353 ||| SWAPPING to +1 hand axe of flaming.
 25364 | Swamp:2  | 25364 ||| SWAPPING to +1 spectral war axe.
 25365 | Swamp:2  | HP: 21/106 [alligator[a spriggan druid] (8)]
 25366 | Swamp:2  | 25366 ||| READING 9 scrolls of teleportation.
 25367 | Swamp:2  | 25367 ||| DRINKING 2 potions of heal wounds.
 25369 | Swamp:2  | 25369 ||| DRINKING potion of heal wounds.
 25376 | Swamp:2  | Slain by a bunyip

Levels and vault maps discovered:
D:1:      wander_arrival_peaceful_grave, layout_loops_cross, chequers_garden
D:2:      minmay_inner_zag, layout_loops_ring, serial_shops, nicolae_shop_stone,
          kennysheep_big_empty_room
D:3:      minmay_bubble_buster, layout_basic
D:4:      layout_basic
D:5:      layout_rooms, mainiacjoe_overflow_small_starburst,
          jmf_multi_god_temple, minmay_temple_entry_waves,
          ebering_ghost_sewer_f, serial_shops, shop
D:6:      layout_rooms, kiku_gazebo_pond_becter, palyth_stone_intersect,
          dreamdust_princess_corridor, uniq_maggie
D:7:      layout_basic, grunt_temple_overflow_open, enter_bailey_3, uniq_joseph,
          uniq_prince_ribbit1
D:8:      layout_loops_cross, gup_ossuary_entry_pyramid
D:9:      layout_roguey, hellmonk_lair_entry_icy, serial_corexii_hall,
          corexii_hall_statues_i, corexii_hall_statues_l
D:10:     layout_small_grid, columned_hall_lemuel, minmay_misc_feat_doors,
          minmay_fractal_squares_5, uniq_psyche, uniq_sonja
D:11:     layout_loops_cross
D:12:     layout_roguey, david_orc_3, uniq_erolcha, uniq_frances, uniq_nessos
D:13:     layout_stronghold, gammafunk_ghost_abyssal_escape,
          gauntlet_entry_generic
D:14:     layout_loops_ring, grunt_vaults_entry_tiered, serial_aquarium,
          aquarium_bridge_long_separate [aquarium_subvault_window,
          aquarium_subvault_bridge, aquarium_subvault_window,
          aquarium_subvault_wall, aquarium_subvault_wall,
          aquarium_subvault_bridge], aquarium_window_1, aquarium_window_fake,
          aquarium_view_2d, aquarium_view_2f, serial_shops, shop, minivault_14,
          elves_outpost_lemuel, uniq_roxanne, uniq_agnes
D:15:     grunt_enter_depths_snipers, layout_long_grid
Lair:1:   layout_cave_pods, lemuel_fruit_fields, uniq_gastronok, uniq_urug
Lair:2:   layout_roguey, minmay_swamp_entry_worms,
          nicolae_spider_entry_tight_spaces, gammafunk_lair_bear_cave
Lair:3:   layout_long_grid
Lair:4:   layout_roguey, dpeg_slime_entry_corner,
          nicolae_quartered_pool_impasse, serial_bayou_pond_e,
          beast_lair_carwin_1, grunt_megastairs_2
Lair:5:   minmay_lair_end_frog_pond, layout_concentric_octagons
Swamp:1:  layout_falls_marsh, evilmike_swamp_ruin_rubble_1,
          hangedman_swamp_lotus, swamp_pool4
Swamp:2:  layout_falls_marsh, evilmike_swamp_ruin_house_4
Orc:1:    layout_caves, chequers_guarded_unrand_ignorance, uniq_jorgrun
Orc:2:    st_orc_pillars, layout_caves, uniq_maurice, uniq_snorg

Skill      XL: |  1  2  3  4  5  6  7  8  9 10 11 12 13 14 15 16 |
---------------+-------------------------------------------------+-----
Axes           | 2 3 4 5 6 7 9 10 11 12 13 15 16 | 16.0
Throwing       | 1 2 3 4 5 6 |  6.0
Fighting       | 4 5 7 8 9 10 11 13 14 | 14.0
Dodging        | 2 3 |  3.1
Armour         | 4 5 6 7 8 9 10 11 12 14 | 14.0
Invocations    | 3 4 7 10 | 10.0
Shields        | 4 7 9 10 11 12 13 14 | 14.0

Action                     |  1- 3 |  4- 6 |  7- 9 | 10-12 | 13-15 | 16-18 || total
---------------------------+-------+-------+-------+-------+-------+-------++-------
  Melee: War axe           |    91 |   140 |   271 |   566 |   890 |   321 ||  2279
         Morningstar       |       |       |       |     1 |       |       ||     1
         Flail             |       |       |       |       |    14 |       ||    14
         Hand axe          |       |       |       |       |       |    17 ||    17
  Throw: Javelin           |       |    22 |    18 |    49 |   133 |    47 ||   269
         Boomerang         |       |    33 |    41 |    89 |   138 |    19 ||   320
 Invoke: Heroism           |       |       |     9 |    20 |    37 |    15 ||    81
         Finesse           |       |       |       |     1 |     7 |     2 ||    10
    Use: Scroll            |     3 |     6 |     5 |    13 |     9 |     3 ||    39
         Potion            |       |     2 |       |       |       |     4 ||     6
   Stab: Distracted        |       |       |       |     2 |    10 |     4 ||    16
 Armour: Scale mail        |    36 |    21 |       |       |       |       ||    57
         Chain mail        |       |    27 |    22 |       |       |       ||    49
         Plate armour      |       |       |    82 |   142 |   271 |   153 ||   648
  Dodge: Dodged            |    51 |    52 |   102 |   167 |   201 |   120 ||   693
  Block: Buckler           |    12 |    59 |   106 |    22 |       |       ||   199
         Reflection        |       |       |     1 |     3 |     3 |       ||     7
         Kite shield       |       |       |       |   326 |   408 |   173 ||   907

Table legend:
 A = Non-vault XP
 B = Vault XP
 C = Vault XP percentage of total XP
 D = Non-vault monster count
 E = Vault monster count
 F = Vault count percentage of total count
                 A         B        C        D         E       F
            +---------+---------+-------+---------+---------+-------
      Total |  101704 |   66973 |  39.7 |     511 |     249 |  32.8
            +---------+---------+-------+---------+---------+-------
        D:1 |      34 |       0 |   0.0 |      19 |       0 |   0.0
        D:2 |      48 |      20 |  29.4 |      16 |       6 |  27.3
        D:3 |      64 |       7 |   9.9 |      18 |       4 |  18.2
        D:4 |     405 |       0 |   0.0 |      20 |       0 |   0.0
        D:5 |     673 |      79 |  10.5 |      14 |       2 |  12.5
        D:6 |     910 |     359 |  28.3 |      18 |       1 |   5.3
        D:7 |    1401 |     721 |  34.0 |      17 |       6 |  26.1
        D:8 |    3151 |      18 |   0.6 |      12 |       1 |   7.7
        D:9 |    4835 |    1470 |  23.3 |      37 |       7 |  15.9
       D:10 |    2794 |    2505 |  47.3 |      22 |       9 |  29.0
       D:11 |    2086 |       0 |   0.0 |       9 |       0 |   0.0
       D:12 |    4696 |    4024 |  46.1 |      17 |      10 |  37.0
       D:13 |    9219 |       0 |   0.0 |      14 |       0 |   0.0
       D:14 |    4740 |   17610 |  78.8 |      13 |      36 |  73.5
       D:15 |   13548 |    2704 |  16.6 |      36 |       3 |   7.7
     Lair:1 |    6186 |    2253 |  26.7 |      27 |       2 |   6.9
     Lair:2 |    5575 |    1939 |  25.8 |      24 |      11 |  31.4
     Lair:3 |    7076 |       0 |   0.0 |      24 |       0 |   0.0
     Lair:4 |    7878 |    3563 |  31.1 |      32 |      15 |  31.9
     Lair:5 |    4165 |   11247 |  73.0 |      17 |      38 |  69.1
    Swamp:1 |   11879 |       0 |   0.0 |      28 |       0 |   0.0
    Swamp:2 |    5045 |       0 |   0.0 |      10 |       0 |   0.0
      Orc:1 |    2216 |    1786 |  44.6 |      32 |       1 |   3.0
      Orc:2 |    3080 |   12587 |  80.3 |      35 |      67 |  65.7
    Ossuary |       0 |     153 | 100.0 |       0 |      16 | 100.0
   Gauntlet |       0 |    3928 | 100.0 |       0 |      14 | 100.0
            +---------+---------+-------+---------+---------+-------
